[Event "Mitropa Cup Women 2024"]
[Site "Apolda"]
[Date "2024.02.16"]
[Round "2.11"]
[White "Gueci, Tea"]
[Black "Vidic, Teja"]
[Result "0-1"]
[ECO "C47"]
[WhiteElo "2193"]
[BlackElo "2132"]
[Annotator "NA RC"]
[PlyCount "116"]
[EventDate "2024.02.15"]
[EventType "team-tourn"]
[EventCountry "GER"]
[SourceTitle "playchess.com"]
[Source "ChessBase"]
[SourceQuality "1"]
[WhiteTeam "Italy"]
[BlackTeam "Slovenia"]
[WhiteTeamCountry "ITA"]
[BlackTeamCountry "SLO"]
[TimeControl "40/5400+30:1800+30"]

1. e4 e5 2. Nf3 Nc6 3. Nc3 Nf6 4. h3 Bb4 5. Nd5 O-O 6. Nxb4 Nxb4 7. c3 Nc6 8. Qc2 d5 9. d3 h6 10. Be2 dxe4 11. dxe4 Nh5 12. O-O Qf6 13. Rd1 Ne7 14. Nd4 Nf4 15. Bxf4 Qxf4 16. Nb5 c6 17. Nd6 f5 18. Bc4+ Kh7 19. g3 Qg5 20. Nxc8 Raxc8 21. exf5 Nxf5 22. Be6 Rce8 23. Bd7 Re7 24. Qe4 g6 25. Bxf5 gxf5 26. Qb4 e4 27. h4 Qg7 28. Re1 b6 29. Rad1 c5 30. Qc4 f4 31. Rxe4 fxg3 32. f4 Ref7 33. Qe6 Rf6 34. Rd7 Rxe6 35. Rxg7+ Kxg7 36. Rxe6 Rxf4 37. h5 Rf2 38. b4 cxb4 39. Rg6+ Kh7 40. cxb4 Rxa2 41. Rxg3 Ra4 42. b5 Rh4 43. Ra3 Rxh5 44. Rxa7+ Kg6 45. Ra8 Rxb5 46. Rg8+ Kf5 47. Kf2 Ke4 48. Re8+ Re5 49. Rh8 h5 50. Ke2 b5 51. Kd2 Kd4 52. Kc2 Kc4 53. Rc8+ Kb4 54. Rh8 Kc4 55. Rc8+ Rc5 56. Rh8 Kd4+ 57. Kb3 Ke4 58. Rf8 Rf5 0-1

[Event "Mitropa Cup Women 2024"]
[Site "Apolda"]
[Date "2024.02.16"]
[Round "2.12"]
[White "Mihelic, Vesna"]
[Black "Sala, Giulia"]
[Result "1-0"]
[ECO "B30"]
[WhiteElo "2112"]
[BlackElo "2035"]
[Annotator "NA RC"]
[PlyCount "87"]
[EventDate "2024.02.15"]
[EventType "team-tourn"]
[EventCountry "GER"]
[SourceTitle "playchess.com"]
[Source "ChessBase"]
[SourceQuality "1"]
[WhiteTeam "Slovenia"]
[BlackTeam "Italy"]
[WhiteTeamCountry "SLO"]
[BlackTeamCountry "ITA"]
[TimeControl "40/5400+30:1800+30"]

1. e4 c5 2. Nf3 Nc6 3. Bb5 e5 4. Bxc6 dxc6 5. O-O Qc7 6. d3 Nf6 7. Be3 Be7 8. Nbd2 O-O 9. h3 h6 10. Nh4 Nxe4 11. Nxe4 Bxh4 12. Qh5 Be7 13. Bxc5 f5 14. Bxe7 Qxe7 15. Nd2 Bd7 16. Rae1 Rae8 17. Re2 Qf6 18. Rfe1 Kh7 19. Nc4 e4 20. dxe4 fxe4 21. Qc5 b5 22. Qd6 Be6 23. Nd2 e3 24. Ne4 Qxb2 25. Rxe3 Qxc2 26. R3e2 Qc4 27. Nd2 Qxa2 28. Nf3 Rd8 29. Qxe6 Qxe6 30. Rxe6 c5 31. R6e5 Rc8 32. Rc1 b4 33. Rexc5 Rxc5 34. Rxc5 Rb8 35. Nd4 a6 36. Nb3 Rd8 37. Rc4 Rd1+ 38. Kh2 Rb1 39. Rxb4 h5 40. Rb7 Rb2 41. f3 Ra2 42. Ra7 Kh6 43. Nd4 g6 44. f4 1-0

[Event "Mitropa Cup Women 2024"]
[Site "Apolda"]
[Date "2024.02.16"]
[Round "2.13"]
[White "Hakimifard, Ghazal"]
[Black "Iglesias, Yosha"]
[Result "0-1"]
[ECO "B15"]
[WhiteElo "2243"]
[BlackElo "2260"]
[Annotator "NA RC"]
[PlyCount "100"]
[EventDate "2024.02.15"]
[EventType "team-tourn"]
[EventCountry "GER"]
[SourceTitle "playchess.com"]
[Source "ChessBase"]
[SourceQuality "1"]
[WhiteTeam "Switzerland"]
[BlackTeam "France"]
[WhiteTeamCountry "SUI"]
[BlackTeamCountry "FRA"]
[TimeControl "40/5400+30:1800+30"]

1. e4 c6 2. d4 d5 3. Nd2 dxe4 4. Nxe4 Nf6 5. Nxf6+ exf6 6. c3 Bd6 7. Bd3 O-O 8. Qc2 Re8+ 9. Ne2 h5 10. O-O h4 11. h3 Nd7 12. Bd2 Nf8 13. Rae1 Bc7 14. c4 Ne6 15. Bc3 g6 16. d5 Qd6 17. f4 Ng7 18. b4 Bf5 19. Rd1 cxd5 20. Bxf5 Nxf5 21. Rxd5 Qe7 22. Rxf5 Qxe2 23. Qxe2 Rxe2 24. Rb5 Rc2 25. Bxf6 Rxc4 26. f5 Bb6+ 27. Kh2 g5 28. Bxg5 Re8 29. f6 Re2 30. Bh6 Kh7 31. Bc1 Bc7+ 32. Kh1 Be5 33. Rxb7 Kg6 34. Rxa7 Rf2 35. Re1 Re2 36. Rf1 Rf2 37. Re1 Rfc2 38. Rxe5 Rxc1+ 39. Kh2 Rxb4 40. Re2 Rbb1 41. g4 Rh1+ 42. Kg2 Rbg1+ 43. Kf2 Rg3 44. a4 Rhxh3 45. a5 Rh2+ 46. Ke1 Rh1+ 47. Kf2 Rh2+ 48. Ke1 Rg1+ 49. Kd2 Rxe2+ 50. Kxe2 h3 0-1

[Event "Mitropa Cup Women 2024"]
[Site "Apolda"]
[Date "2024.02.16"]
[Round "2.14"]
[White "Schippke, Manon"]
[Black "Georgescu, Lena"]
[Result "1/2-1/2"]
[ECO "C45"]
[WhiteElo "2162"]
[BlackElo "2268"]
[Annotator "RC"]
[PlyCount "175"]
[EventDate "2024.02.15"]
[EventType "team-tourn"]
[EventCountry "GER"]
[SourceTitle "playchess.com"]
[Source "ChessBase"]
[SourceQuality "1"]
[WhiteTeam "France"]
[BlackTeam "Switzerland"]
[WhiteTeamCountry "FRA"]
[BlackTeamCountry "SUI"]
[TimeControl "40/5400+30:1800+30"]

1. e4 e5 2. Nf3 Nc6 3. d4 exd4 4. Nxd4 Bc5 5. Nb3 Bb6 6. Nc3 Qf6 7. Qe2 Nge7 8. Be3 d6 9. O-O-O Bd7 10. g3 O-O-O 11. Bxb6 axb6 12. Bg2 g5 13. Rhf1 Kb8 14. Kb1 g4 15. f4 gxf3 16. Rxf3 Qg6 17. Rf4 h5 18. Rdf1 Ne5 19. Nd4 Rde8 20. Qf2 N7c6 21. Nf5 Be6 22. Nd5 Ng4 23. Qg1 Nge5 24. b3 Qg5 25. Rd1 Ng6 26. h4 Qd8 27. Rff1 Nge5 28. Qf2 Reg8 29. Bh3 Ng4 30. Bxg4 Rxg4 31. Nf4 Ne5 32. Ne3 Rgg8 33. Nfd5 Rg6 34. Nf4 Rgg8 35. Nfd5 Rg6 36. Nf5 Rg4 37. Nf4 Qe8 38. Nd4 Rgg8 39. a4 Ng4 40. Qd2 Bd7 41. Rde1 Ne5 42. Qc3 Bc6 43. Kb2 Kc8 44. Nf5 Kd7 45. Qd4 b5 46. a5 Ng6 47. Nd3 Ne5 48. Nf4 Ng6 49. Ng7 Qe5 50. Qxe5 Nxe5 51. Nfxh5 Kc8 52. Nf5 Kb8 53. Nf6 Rg6 54. Nd5 Rg4 55. Rf4 Rxf4 56. Nxf4 Ng6 57. Nxg6 fxg6 58. Ne7 Be8 59. Rf1 Rh7 60. Nd5 Bc6 61. Rf8+ Ka7 62. Nf6 Re7 63. Rg8 Re6 64. Rxg6 Bxe4 65. Rh6 d5 66. b4 d4 67. Ng4 Re7 68. Nf2 Bf5 69. Rf6 Bh7 70. Nh3 Re2 71. Rf2 Re3 72. Ng5 Bg8 73. g4 d3 74. cxd3 Rxd3 75. Rf8 Bc4 76. Nf3 Bd5 77. Ne5 Rb3+ 78. Kc2 Rxb4 79. h5 Re4 80. Rf5 Rxg4 81. Nxg4 Be4+ 82. Kc3 Bxf5 83. Ne3 Bh7 84. Kb4 b6 85. axb6+ Kxb6 86. Nd5+ Kc6 87. Nxc7 Kxc7 88. Kxb5 1/2-1/2

[Event "Mitropa Cup Women 2024"]
[Site "Apolda"]
[Date "2024.02.16"]
[Round "2.15"]
[White "Hryzlova, Sofiia"]
[Black "Navrotescu, Andreea"]
[Result "1-0"]
[ECO "A13"]
[WhiteElo "2196"]
[BlackElo "2222"]
[Annotator "NA RC"]
[PlyCount "73"]
[EventDate "2024.02.15"]
[EventType "team-tourn"]
[EventCountry "GER"]
[SourceTitle "playchess.com"]
[Source "ChessBase"]
[SourceQuality "1"]
[WhiteTeam "Switzerland"]
[BlackTeam "France"]
[WhiteTeamCountry "SUI"]
[BlackTeamCountry "FRA"]
[TimeControl "40/5400+30:1800+30"]

1. Nf3 d5 2. g3 Nf6 3. c4 e6 4. Bg2 d4 5. O-O c5 6. e3 Nc6 7. exd4 cxd4 8. d3 Bc5 9. Re1 O-O 10. Nbd2 Re8 11. a3 a5 12. Ne5 Nxe5 13. Rxe5 Nd7 14. Re1 Bf8 15. Ne4 h6 16. g4 Nf6 17. Ng3 Nd7 18. b3 Nc5 19. Rb1 a4 20. b4 Nb3 21. Bf4 Bd6 22. Bxd6 Qxd6 23. c5 Qc7 24. Ne4 Bd7 25. g5 hxg5 26. Qh5 Bc6 27. Nxg5 Nd2 28. Bxc6 bxc6 29. Rbd1 Qf4 30. Rxd2 Qxd2 31. Qxf7+ Kh8 32. Qh5+ Kg8 33. Qh7+ Kf8 34. Qh8+ Ke7 35. Rxe6+ Kd7 36. Qxg7+ Kd8 37. Rd6+ 1-0

[Event "Mitropa Cup Women 2024"]
[Site "Apolda"]
[Date "2024.02.16"]
[Round "2.16"]
[White "Blanquet, Camille"]
[Black "Manko, Mariia"]
[Result "0-1"]
[ECO "E06"]
[WhiteElo "2023"]
[BlackElo "2128"]
[Annotator "NA RC"]
[PlyCount "68"]
[EventDate "2024.02.15"]
[EventType "team-tourn"]
[EventCountry "GER"]
[SourceTitle "playchess.com"]
[Source "ChessBase"]
[SourceQuality "1"]
[WhiteTeam "France"]
[BlackTeam "Switzerland"]
[WhiteTeamCountry "FRA"]
[BlackTeamCountry "SUI"]
[TimeControl "40/5400+30:1800+30"]

1. d4 d5 2. c4 e6 3. Nf3 Nf6 4. Nc3 Be7 5. g3 O-O 6. Bg2 dxc4 7. Ne5 c5 8. dxc5 Qa5 9. Nxc4 Qxc5 10. Qb3 Nc6 11. Be3 Nd4 12. Bxd4 Qxd4 13. O-O Rb8 14. Rac1 Bd7 15. Rfd1 Qc5 16. e4 b5 17. Ne3 Qh5 18. h3 b4 19. Nb1 Bb5 20. Nc4 Rfd8 21. Rxd8+ Rxd8 22. Nbd2 a5 23. e5 a4 24. Qe3 Nd5 25. Qa7 Bg5 26. f4 Bxf4 27. gxf4 Nxf4 28. Kh2 Bxc4 29. Nxc4 Nxg2 30. Qc7 Rf8 31. Rg1 Nf4 32. Rg3 Qe2+ 33. Kg1 Qe1+ 34. Kh2 Qf2+ 0-1

[Event "Mitropa Cup Women 2024"]
[Site "Apolda"]
[Date "2024.02.16"]
[Round "2.17"]
[White "Walter, Ema"]
[Black "Cvitan, Ena"]
[Result "0-1"]
[ECO "B13"]
[WhiteElo "2124"]
[BlackElo "2242"]
[Annotator "NA RC"]
[PlyCount "58"]
[EventDate "2024.02.15"]
[EventType "team-tourn"]
[EventCountry "GER"]
[SourceTitle "playchess.com"]
[Source "ChessBase"]
[SourceQuality "1"]
[WhiteTeam "Slovakia"]
[BlackTeam "Croatia"]
[WhiteTeamCountry "SVK"]
[BlackTeamCountry "CRO"]
[TimeControl "40/5400+30:1800+30"]

1. e4 c6 2. d4 d5 3. exd5 cxd5 4. Bd3 Nc6 5. c3 e6 6. Nf3 Bd6 7. O-O Nge7 8. Re1 Qc7 9. Nbd2 Bd7 10. Nf1 O-O-O 11. b4 f6 12. a4 Kb8 13. b5 Na5 14. Ba3 Bxa3 15. Rxa3 Qd6 16. Ra2 Rc8 17. Rc2 g5 18. N3d2 Rc7 19. c4 dxc4 20. Nxc4 Nxc4 21. Bxc4 Nf5 22. Re4 e5 23. d5 Rhc8 24. Bb3 Rxc2 25. Bxc2 Nd4 26. Bb3 Qa3 27. Re3 Rc1 28. Bc4 Qa1 29. Qd3 Bf5 0-1

[Event "Mitropa Cup Women 2024"]
[Site "Apolda"]
[Date "2024.02.16"]
[Round "2.18"]
[White "Medic, Mirjana"]
[Black "Sankova, Stella"]
[Result "1-0"]
[ECO "D35"]
[WhiteElo "2151"]
[BlackElo "2124"]
[Annotator "NA RC"]
[PlyCount "99"]
[EventDate "2024.02.15"]
[EventType "team-tourn"]
[EventCountry "GER"]
[SourceTitle "playchess.com"]
[Source "ChessBase"]
[SourceQuality "1"]
[WhiteTeam "Croatia"]
[BlackTeam "Slovakia"]
[WhiteTeamCountry "CRO"]
[BlackTeamCountry "SVK"]
[TimeControl "40/5400+30:1800+30"]

1. d4 d5 2. c4 e6 3. Nc3 Nf6 4. cxd5 exd5 5. Bg5 c6 6. e3 h6 7. Bh4 Be7 8. Bd3 O-O 9. Nge2 Ne8 10. Bg3 Nd6 11. Qc2 Nd7 12. O-O Nf6 13. f3 Nh5 14. Bf2 f5 15. Rae1 Be6 16. Nc1 Qd7 17. Be2 f4 18. e4 dxe4 19. fxe4 f3 20. Bxf3 Rxf3 21. gxf3 Bh3 22. Bg3 Bxf1 23. Rxf1 Nf7 24. Nb3 Rf8 25. f4 Nd6 26. f5 Nxg3 27. hxg3 Nc4 28. Qe2 b5 29. Nd1 Bg5 30. Rf3 a5 31. Rd3 Re8 32. g4 h5 33. Nc5 Qa7 34. gxh5 Qf7 35. Ne6 Bh6 36. Nf2 Rxe6 37. fxe6 Qxe6 38. Qg4 Qe8 39. b3 Nd6 40. e5 Nc8 41. Ne4 Kh8 42. Rf3 Qd8 43. Nc5 Ne7 44. Ne6 Qd5 45. Rf8+ Kh7 46. Rd8 Be3+ 47. Kh2 Bf4+ 48. Qxf4 Qxe6 49. Qf8 Kh6 50. Rd6 1-0

[Event "Mitropa Cup Women 2024"]
[Site "Apolda"]
[Date "2024.02.16"]
[Round "2.19"]
[White "Sevcikova, Lucia"]
[Black "Berke, Ana"]
[Result "1/2-1/2"]
[ECO "E52"]
[WhiteElo "2007"]
[BlackElo "2092"]
[Annotator "NA RC"]
[PlyCount "83"]
[EventDate "2024.02.15"]
[EventType "team-tourn"]
[EventCountry "GER"]
[SourceTitle "playchess.com"]
[Source "ChessBase"]
[SourceQuality "1"]
[WhiteTeam "Slovakia"]
[BlackTeam "Croatia"]
[WhiteTeamCountry "SVK"]
[BlackTeamCountry "CRO"]
[TimeControl "40/5400+30:1800+30"]

1. d4 Nf6 2. c4 e6 3. Nc3 Bb4 4. e3 O-O 5. Bd2 d5 6. Nf3 b6 7. cxd5 exd5 8. Bd3 Bb7 9. Rc1 a6 10. O-O Bd6 11. Ne5 c5 12. f4 Nc6 13. Ng4 Be7 14. Nxf6+ Bxf6 15. dxc5 bxc5 16. Na4 c4 17. Be2 Qe7 18. Bf3 Rad8 19. Qe1 Rfe8 20. a3 Qd6 21. Qf2 g6 22. Kh1 Bg7 23. Rfd1 Qb8 24. Bc3 Ne7 25. Bxg7 Kxg7 26. Nc3 Qa7 27. Kg1 f5 28. Rd2 Qc5 29. Rcd1 Rd6 30. Rd4 Red8 31. Qd2 Kf6 32. Na4 Qb5 33. Nc3 Qc5 34. Kf1 Ke6 35. Qe1 Ng8 36. Ne2 Ke7 37. Qc3 Rb6 38. R4d2 Nf6 39. Nd4 Rc8 40. Ne2 Re6 41. Nd4 Rb6 42. h3 1/2-1/2

[Event "Mitropa Cup Women 2024"]
[Site "Apolda"]
[Date "2024.02.16"]
[Round "2.20"]
[White "Mihaljevic, Eva"]
[Black "Sekova, Olivia"]
[Result "1-0"]
[ECO "B58"]
[WhiteElo "2043"]
[BlackElo "2054"]
[Annotator "NA RC"]
[PlyCount "113"]
[EventDate "2024.02.15"]
[EventType "team-tourn"]
[EventCountry "GER"]
[SourceTitle "playchess.com"]
[Source "ChessBase"]
[SourceQuality "1"]
[WhiteTeam "Croatia"]
[BlackTeam "Slovakia"]
[WhiteTeamCountry "CRO"]
[BlackTeamCountry "SVK"]
[TimeControl "40/5400+30:1800+30"]

1. e4 c5 2. Nf3 d6 3. d4 cxd4 4. Nxd4 Nf6 5. Nc3 Nc6 6. Be2 e5 7. Nf3 h6 8. O-O Be6 9. Be3 Be7 10. Nd2 O-O 11. Bc4 d5 12. exd5 Nxd5 13. Nxd5 Bxd5 14. Qh5 Bxc4 15. Nxc4 Qd5 16. b3 Qe4 17. Rac1 Rad8 18. Rfe1 Qh7 19. a4 Nb4 20. Bxa7 Na2 21. Rcd1 Qxc2 22. Rxd8 Rxd8 23. Qxe5 Bb4 24. Rf1 Nc1 25. Ne3 Ne2+ 26. Kh1 Qd3 27. h3 Bd6 28. Qd5 Qa6 29. Bc5 Bc7 30. Qc4 Qc6 31. Be7 Re8 32. Qxc6 bxc6 33. Bc5 Re5 34. Ba3 Ng3+ 35. fxg3 Rxe3 36. Rf3 Re1+ 37. Kh2 Bb6 38. g4 c5 39. Kg3 Ra1 40. Bb2 Ra2 41. Be5 f6 42. Bd6 Rd2 43. Bf4 Ra2 44. Rc3 Rb2 45. Bc1 Rb1 46. Kf4 Kf7 47. Ke4 Ra1 48. Kd5 Ra2 49. Kc6 Bd8 50. g3 Be7 51. Be3 Rh2 52. Bxc5 Rxh3 53. Bxe7 Kxe7 54. Kb7 g5 55. a5 h5 56. gxh5 Kd7 57. a6 1-0

[Event "Mitropa Cup Women 2024"]
[Site "Apolda"]
[Date "2024.02.17"]
[Round "3.1"]
[White "Heinemann, Josefine"]
[Black "Hakimifard, Ghazal"]
[Result "1/2-1/2"]
[ECO "B42"]
[WhiteElo "2361"]
[BlackElo "2243"]
[Annotator "TA"]
[PlyCount "50"]
[EventDate "2024.02.15"]
[EventType "team-tourn"]
[EventCountry "GER"]
[SourceTitle "playchess.com"]
[Source "ChessBase"]
[SourceQuality "1"]
[WhiteTeam "Germany"]
[BlackTeam "Switzerland"]
[WhiteTeamCountry "GER"]
[BlackTeamCountry "SUI"]
[TimeControl "40/5400+30:1800+30"]

1. e4 c5 2. Nf3 e6 3. d4 cxd4 4. Nxd4 a6 5. Bd3 Bc5 6. Nb3 Ba7 7. O-O Nc6 8. Qg4 Nf6 9. Qxg7 Rg8 10. Qh6 {[%emt 0:00:05] White is more active.} Rg6 11. Qh4 Ne5 12. Be2 {[%emt 0:01:58] Prevents Nf3+} Qc7 (12... d6 $16) 13. Nc3 $18 Neg4 14. Bxg4 Nxg4 15. Qxh7 Qe5 {[%emt 0:05:27] Prevents Be3.} 16. g3 ({Better is} 16. Nd2 $1 $16) 16... b5 $14 17. Bf4 Qf6 {[%emt 0:00:58] [#]} 18. e5 Nxe5 $11 {[%emt 0:14:59] The position is equal.} 19. Bxe5 Qxe5 20. Rae1 Rxg3+ 21. hxg3 Qxg3+ 22. Kh1 {[%emt 0:00:09] White wants to mate with Qh8+.} Qf3+ 23. Kg1 Qg3+ 24. Kh1 {[%emt 0:00:04] Qh8+ would kill now.} Qf3+ 25. Kg1 Qg3+ {[%emt 0:00:26] Weighted Error Value: White=0.25 (precise) /Black=0.11 (very precise) .  Mistake:       	White=2     	Black=1      Inaccurate:     	White=1     	---        OK:         	White=7     	Black=7      Best:        	White=1     	Black=1} 1/2-1/2

[Event "Mitropa Cup Women 2024"]
[Site "Apolda"]
[Date "2024.02.17"]
[Round "3.2"]
[White "Georgescu, Lena"]
[Black "Schneider, Jana"]
[Result "1/2-1/2"]
[ECO "C88"]
[WhiteElo "2268"]
[BlackElo "2331"]
[Annotator "TA"]
[PlyCount "51"]
[EventDate "2024.02.15"]
[EventType "team-tourn"]
[EventCountry "GER"]
[SourceTitle "playchess.com"]
[Source "ChessBase"]
[SourceQuality "1"]
[WhiteTeam "Switzerland"]
[BlackTeam "Germany"]
[WhiteTeamCountry "SUI"]
[BlackTeamCountry "GER"]
[TimeControl "40/5400+30:1800+30"]

1. e4 e5 2. Nf3 Nc6 3. Bb5 a6 4. Ba4 Nf6 5. O-O Be7 6. Re1 b5 7. Bb3 O-O 8. a4 b4 9. d3 d6 10. c3 Rb8 11. Nbd2 Na5 12. Ba2 c5 13. d4 Qc7 14. dxe5 dxe5 15. Nc4 {[%emt 0:01:27] aiming for Nxa5.} b3 16. Nxa5 bxa2 17. Nc4 Be6 18. Qe2 Nd7 19. Rxa2 Nb6 20. Nfxe5 {[%emt 0:01:04] The position is equal.} (20. Nfd2 {simplifies} a5 21. Ra3 Nxc4 22. Nxc4 Rfd8 23. b3) 20... Bd6 $1 21. a5 $1 Nxc4 22. Nxc4 Bxh2+ 23. Kh1 Bf4 24. Kg1 Bh2+ {[%emt 0:00:51] A strong pair of Bishops.} 25. Kh1 Bf4 26. Kg1 {[%emt 0:00:03] Not much happened in this game.   Weighted Error Value: White=0.02 (flawless) /Black=0.01 (flawless) .  OK:         	White=6     	Black=8      Best:        	White=2     	Black=1      Strong:       	White=1     	Black=1} 1/2-1/2

[Event "Mitropa Cup Women 2024"]
[Site "Apolda"]
[Date "2024.02.17"]
[Round "3.3"]
[White "Klek, Hanna Marie"]
[Black "Hryzlova, Sofiia"]
[Result "1/2-1/2"]
[ECO "C02"]
[WhiteElo "2284"]
[BlackElo "2196"]
[Annotator "TA"]
[PlyCount "88"]
[EventDate "2024.02.15"]
[EventType "team-tourn"]
[EventCountry "GER"]
[SourceTitle "playchess.com"]
[Source "ChessBase"]
[SourceQuality "1"]
[WhiteTeam "Germany"]
[BlackTeam "Switzerland"]
[WhiteTeamCountry "GER"]
[BlackTeamCountry "SUI"]
[TimeControl "40/5400+30:1800+30"]

1. e4 e6 2. d4 d5 3. e5 c5 4. c3 Nc6 5. Nf3 Qb6 6. Bd3 cxd4 7. O-O Bd7 8. Re1 Nge7 9. h4 a6 10. h5 g6 11. Nbd2 gxh5 12. Nf1 Ng6 13. Ng3 O-O-O {[%emt 0:01:01] ...dxc3 would now be deadly.} 14. Nxh5 Kb8 15. Rb1 Be7 16. Bh6 Rhg8 17. Qe2 Nh4 18. Nxh4 Bxh4 19. Bg7 Bg5 20. Qf3 Qc7 21. Bxh7 $2 {[%emt 0:13:25] [#]} (21. Qxf7 $14 Bd2 22. Re2 (22. Bxh7 Rxg7 23. Nxg7 dxc3 $11)) 21... Rxg7 $1 $17 22. Nxg7 Bd2 (22... Nxe5 23. Qh5 (23. Qg3 Bf6 $15) 23... Bf6 24. cxd4 $16) ({Better is} 22... Rh8 $17 23. Qxf7 Nxe5 (23... dxc3 24. bxc3 Nd8 25. Qg6 $15) 24. Nxe6 (24. Qh5 $2 Bf6 $19) 24... Nxf7 25. Nxc7 Kxc7) 23. cxd4 (23. Qxf7 $1 $15 dxc3 (23... Nxe5 24. Qh5 $11) 24. bxc3 Bxc3 25. Rec1 Bxe5 (25... Qxe5 $2 26. Nxe6 Qxe6 27. Qxe6 $18) 26. Bd3 (26. Nxe6 $2 Bxe6 27. Qxc7+ Kxc7 $19)) 23... Nxd4 24. Qxf7 Bxe1 25. Rxe1 Qa5 26. Rd1 Qb4 (26... Ne2+ $19 27. Kf1 Qa4) 27. Bd3 Qxb2 {[%emt 0:01:51] Black wants to play ...Ne2+.} (27... Qa4 $5 28. Rc1 Qxa2 $11) 28. Qe7 Nc6 29. Qd6+ Ka8 {[%emt 0:00:09] [#] ...Bc8 is the strong threat.} 30. Nxe6 Bxe6 31. Qxe6 Rf8 $132 {[%emt 0:00:13][%mdl 2048] Black is not keeping still} 32. Rf1 (32. Qxd5 $2 {gets mated.} Qxf2+ 33. Kh2 Rh8+) ({Not} 32. Bf5 $2 Nd4 (32... Qxa2 33. Rb1 $14) 33. Rxd4 Qa1+ (33... Qxd4 34. g3 $17) 34. Kh2 Qxd4 $19) 32... Qxa2 33. Qh6 Re8 34. f4 Qa3 35. Rf3 (35. Qh3 $11 {and White is okay.}) 35... Nd4 $2 (35... Qc1+ $19 36. Kh2 Nxe5) 36. Rh3 $11 {[%emt 0:00:11] The position is equal.} Qc1+ 37. Kh2 Rg8 38. Rg3 Rxg3 39. Kxg3 {[%emt 0:00:07][%mdl 4096] Endgame. KQB-KQN} Qe3+ 40. Kg4 $1 Qxd3 41. Qf8+ Ka7 42. Qc5+ Ka8 43. Qc8+ Ka7 44. Qc5+ Ka8 {[%emt 0:02:13] Weighted Error Value: White=0.24 (precise) /Black=0.21 (precise) .  Loses game:     	White=1     	---        Missed win:     	---       	Black=2      Mistake:       	White=2     	Black=1      Inaccurate:     	White=3     	Black=6      OK:         	White=7     	Black=16     Best:        	White=7     	---        Strong:       	White=1     	---        Brilliant:      	---       	Black=1} 1/2-1/2

[Event "Mitropa Cup Women 2024"]
[Site "Apolda"]
[Date "2024.02.17"]
[Round "3.4"]
[White "Manko, Mariia"]
[Black "Schulze, Lara"]
[Result "1/2-1/2"]
[ECO "E11"]
[WhiteElo "2128"]
[BlackElo "2285"]
[Annotator "TA"]
[PlyCount "69"]
[EventDate "2024.02.15"]
[EventType "team-tourn"]
[EventCountry "GER"]
[SourceTitle "playchess.com"]
[Source "ChessBase"]
[SourceQuality "1"]
[WhiteTeam "Switzerland"]
[BlackTeam "Germany"]
[WhiteTeamCountry "SUI"]
[BlackTeamCountry "GER"]
[TimeControl "40/5400+30:1800+30"]

1. d4 Nf6 2. c4 e6 3. g3 d5 4. Bg2 Bb4+ 5. Bd2 a5 6. Nf3 O-O 7. Qc2 c5 8. cxd5 cxd4 9. Nxd4 Qb6 {[%emt 0:00:21] White is slightly better.} 10. Nf3 exd5 11. O-O Nc6 12. Bxb4 axb4 13. Nbd2 Bg4 14. a3 Rfe8 15. Nb3 bxa3 16. bxa3 Rac8 17. Qd3 Bxf3 18. Bxf3 Ne5 19. Qd1 Nxf3+ 20. exf3 Rc3 (20... d4 $5) 21. Nd4 Qa6 {[%emt 0:03:08][%cal Oc3d3] [#] ...Rd3! is the strong threat.} 22. Re1 Rxe1+ 23. Qxe1 Rxa3 24. Rxa3 Qxa3 $11 {[%emt 0:00:17][%mdl 4096] Endgame. KQN-KQN} 25. Qe5 h6 26. Kg2 Qa4 27. Nf5 Qe8 28. Qc7 Qd7 29. Qb8+ Kh7 30. g4 d4 ({Black should try} 30... g6 $1 $15 31. Nd4 Ne8 (31... Nxg4 32. Qf4 $14)) 31. Qf8 {[%emt 0:00:35] The position is equal.} Ne8 (31... Nh5 $5 32. Ne7 Nf6 $11 (32... Nf4+ $2 33. Kh1 $18)) 32. Ne7 Nf6 {[%emt 0:00:31] Repels Qg8+} 33. Nf5 Ne8 34. Ne7 Nf6 {[%emt 0:00:29] Wards off Qg8+} 35. Nf5 {[%emt 0:00:10] Weighted Error Value: White=0.10 (very precise) /Black=0.08 (flawless) .  Mistake:       	---       	Black=1      Inaccurate:     	White=4     	Black=1      OK:         	White=10    	Black=13     Best:        	White=1     	---} 1/2-1/2

[Event "Mitropa Cup Women 2024"]
[Site "Apolda"]
[Date "2024.02.17"]
[Round "3.5"]
[White "Cvitan, Ena"]
[Black "Terbe, Julianna"]
[Result "1/2-1/2"]
[ECO "B07"]
[WhiteElo "2242"]
[BlackElo "2315"]
[Annotator "TA"]
[PlyCount "83"]
[EventDate "2024.02.15"]
[EventType "team-tourn"]
[EventCountry "GER"]
[SourceTitle "playchess.com"]
[Source "ChessBase"]
[SourceQuality "1"]
[WhiteTeam "Croatia"]
[BlackTeam "Hungary"]
[WhiteTeamCountry "CRO"]
[BlackTeamCountry "HUN"]
[TimeControl "40/5400+30:1800+30"]

1. d4 g6 2. e4 Bg7 3. c3 d6 4. Bd3 e5 5. Nf3 Nd7 6. O-O Ngf6 7. Re1 O-O 8. Nbd2 h6 9. a4 a5 10. Nc4 exd4 {[%emt 0:08:44] White has an edge.} 11. cxd4 d5 12. exd5 Nxd5 13. Bd2 c5 14. Bc3 cxd4 15. Bxd4 Bxd4 16. Nxd4 {[%emt 0:00:07][%cal Od3g6] [#] Bxg6! is the strong threat.} Nc5 17. Bf1 Nf4 18. Ne5 Qg5 {[%emt 0:09:16] White must now prevent ...Nh3+.} (18... Qf6 {simplifies} 19. Qc1 Ncd3 20. Nxd3 Nxd3 21. Bxd3 Qxd4 22. Rd1 Qg7) 19. Ra3 (19. Qc2 $14 b6 20. g3) 19... Rd8 (19... Nh3+ $5 20. Rxh3 Bxh3 $15) 20. Rg3 (20. Qc2 {with more complications.} Rxd4 21. Qxc5 Rd5 22. Qc7) 20... Qf6 21. Qc1 {[%emt 0:01:42][%cal Og3f3] Hoping for Rf3!} Rxd4 22. Qxc5 Rd5 23. Qc3 ({White should play} 23. Qe3 $14 Be6 24. h3) 23... Be6 $11 24. Nxg6 $2 Qxc3 $17 25. Nxf4+ {[%emt 0:01:32] [#]} Qxg3 $3 26. hxg3 Rd6 27. Nxe6 fxe6 {[%emt 0:00:05][%mdl 4096] Endgame. KRR-KRB} (27... Rxe6 $17 28. Rxe6 fxe6) 28. Bc4 $15 Kf7 29. f4 Rc8 30. b3 Rc5 31. g4 Kf6 32. Kf2 e5 33. Rh1 Rd2+ (33... exf4 34. Rxh6+ Ke5 35. Rh5+ Kd4 36. Rh1 $17) ({Better is} 33... Kg7 $15 34. g3 Rd2+ 35. Ke3 Rd8) 34. Ke3 $11 {[%emt 0:01:40] The position is equal.} Rxg2 35. Kf3 {[%emt 0:01:41] Inhibits Rg3+.} Rd2 36. Rxh6+ Kg7 37. Rb6 exf4 38. Rxb7+ Kg6 39. Kxf4 Rd4+ 40. Kf3 Rdxc4 41. bxc4 Rxc4 42. Rb6+ {[%emt 0:00:21] Weighted Error Value: White=0.19 (very precise) /Black=0.10 (very precise) .  Mistake:       	White=3     	Black=2      Inaccurate:     	White=1     	Black=3      OK:         	White=19    	Black=12     Best:        	---       	Black=4      Brilliant:      	---       	Black=1} 1/2-1/2